Map: Chantier naval orbital

Players

Spector - Winner!

  • Race: Terran Terran
  • League: Silver
  • Spawn Location: 1:00

zidar

  • Race: Zerg Zerg
  • League: Silver
  • Spawn Location: 7:00

VOD

Have the link to the VOD?

Description

Time

  • Played on: Nov. 17, 2015, 3:13 p.m.
  • Length: 7:41
Show
View Real Time Build Order
Export as new Build Order

Spector Terran - Winner!

Build Orders: Hellion Banshee, Mech 

Get SALT Encoding   

  12  0:01  SCV  
  13  0:13  SCV  
  14  0:18  Supply Depot  
  14  0:25  SCV  
  15  0:40  SCV  
  15  0:42  Barracks  
  16  0:45  Refinery  
  16  0:52  SCV  
  17  1:04  SCV  
  18  1:16  SCV  
  19  1:30  Orbital Command  
  19  1:33  Reaper  
  19  1:35  Supply Depot  
  20  1:56  SCV  
  20  2:01  Refinery  
  21  2:08  SCV  
  21  2:11  Factory  
  22  2:20  SCV  
  23  2:25  Barracks Reactor  
  23  2:31  Command Center  
  23  2:33  SCV  
  24  2:45  SCV  
  25  3:03  SCV  
  26  3:11  Starport  
  26  3:13  Barracks Tech Lab  
  26  3:15  SCV  
  26  3:16  Engineering Bay  
  27  3:24  Hellion x2  
  31  3:32  Supply Depot  
  31  3:39  Supply Depot  
  31  3:43  SCV  
  31  3:44  Orbital Command  
  31  3:46  Refinery  
  31  3:47  Hellion x2  
  36  3:57  Banshee  
  36  3:59  Cloaking Field  
  39  4:10  SCV  
  39  4:11  SCV  
  39  4:14  Hellion x2  
  45  4:30  Barracks Tech Lab  
  45  4:37  Factory, Hellion x2  
  49  4:39  Supply Depot  
  49  4:40  SCV x2  
  49  4:44  Viking  
  53  4:59  Missile Turret  
  53  5:05  Barracks Tech Lab  
  53  5:06  Missile Turret  
  53  5:08  Refinery  
  53  5:09  Supply Depot  
  53  5:10  SCV x2, Supply Depot  
  55  5:29  Factory  
  55  5:38  Banshee  
  55  5:40  Hellion x2  
  62  5:47  Armory  
  62  6:02  Hellion x2  
  66  6:09  Siege Tank  
  69  6:24  SCV x2  
  71  6:26  Supply Depot  
  71  6:28  Supply Depot  
  71  6:32  Supply Depot  
  71  6:42  Hellion x2  
  75  6:47  Viking  
  75  6:52  SCV x2  
  85  7:06  SCV x2  
Show
View Real Time Build Order
Export as new Build Order

zidar Zerg 

Build Orders: Hatch First 

Get SALT Encoding   

  12  0:01  Drone  
  13  0:12  Overlord  
  13  0:17  Drone  
  14  0:30  Drone x2  
  16  0:38  Drone  
  17  0:55  Hatchery  
  16  0:57  Drone  
  17  1:11  Spawning Pool  
  17  1:15  Drone  
  17  1:20  Extractor  
  17  1:21  Drone  
  17  1:35  Drone x2  
  19  1:45  Overlord  
  19  2:00  Queen  
  21  2:02  Drone  
  21  2:03  Drone  
  22  2:24  Extractor, Metabolic Boost  
  22  2:27  Drone x4  
  25  2:32  Queen  
  25  2:35  Overlord  
  25  3:08  Zergling x2  
  25  3:09  Zergling x2  
  27  3:30  Drone  
  27  3:31  Drone x5  
  27  3:32  Overlord x2  
  34  3:34  Drone  
  34  3:46  Evolution Chamber  
  34  3:48  Evolution Chamber  
  32  3:56  Hatchery  
  31  4:08  Lair  
  31  4:23  Baneling Nest  
  30  4:29  Drone  
  30  4:30  Drone x10  
  41  4:37  Extractor  
  40  4:42  Extractor  
  39  4:49  Roach Warren  
  38  4:59  Zergling x2  
  39  5:00  Zergling x4  
  39  5:01  Zergling x10  
  39  5:03  Zergling x2  
  39  5:04  Zergling x2  
  48  5:24  Centrifical Hooks  
  48  5:26  Baneling x3  
  48  5:27  Baneling  
  48  5:28  Baneling x2  
  48  5:33  Zerg Ground Armor Level 1  
  48  5:53  Roach x2  
  51  6:40  Spire  
  51  6:43  Overlord x4  
  50  7:06  Roach x8  
Tags
 
Add a new tag
Caveats
  • Supply blocks, unpowered buildings, or Contaminate may cause inaccurate times.
  • Supply counts are checked every 10 seconds.